 Dungeon Crawl Stone Soup version 0.20.1-1-g8b1a95d (webtiles) character file.

6795 grizmgrazm2 the Jinx (level 10, -2/67 HPs)
             Began as a Vampire Enchanter on Sept 30, 2017.
             Was a Believer of Sif Muna.
             Slain by a wolf (8 damage)
             ... on level 8 of the Dungeon.
             The game lasted 00:41:29 (12291 turns).

grizmgrazm2 the Jinx (Vampire Enchanter)           Turns: 12291, Time: 00:41:30

Health: -2/67      AC:  7    Str:  7    XL:     10   Next: 76%
Magic:  18/24      EV: 15    Int: 21    God:    Sif Muna [**....]
Gold:   239        SH:  0    Dex: 15    Spells: 21/29 levels left

rFire    + . .     SeeInvis +   g - +3 dagger (chaos)
rCold    . . .     Gourm    .   (no shield)
rNeg     + . .     Faith    .   s - +2 leather armour {rF+}
rPois    .         Spirit   .   (no helmet)
rElec    .         Reflect  .   p - +1 cloak
rCorr    .         Harm     .   (no gloves)
MR       +....                  (no boots)
Stlth    ++++++....             (no amulet)
Regen    0.3/turn               k - ring of stealth
MPRegen  0.2/turn               b - +2 ring of evasion

@: no status effects
A: fangs 3, see invisible, unbreathing
a: Bat Form, Divine Energy, Renounce Religion


You were on level 8 of the Dungeon.
You worshipped Sif Muna.
Sif Muna was pleased with you.
You were not thirsty.

You visited 3 branches of the dungeon, and saw 10 of its levels.

You collected 393 gold pieces.
You spent 154 gold pieces at shops.

Inventory:

Hand Weapons
 g - a +3 dagger of chaos (weapon)
 v - a +1 dagger of freezing
Armour
 p - a +1 cloak (worn)
 s - a +2 leather armour of fire resistance (worn)
Jewellery
 b - a +2 ring of evasion (right hand)
 k - a ring of stealth (left hand)
Wands
 l - a wand of disintegration (12/24)
 u - a wand of disintegration (12/24)
 E - a wand of acid (5/15)
Scrolls
 y - a scroll of magic mapping
Potions
 d - 9 potions of blood
 w - 2 potions of brilliance {unknown}
 B - a potion of haste {unknown}
 D - a potion of flight {unknown}
Books
 c - a book of Maledictions

   Spells                             Type                      Level
   a - Corona                         Hexes                        1
   b - Ensorcelled Hibernation        Hexes/Ice                    2
   c - Confuse                        Hexes                        3
   d - Tukima's Dance                 Hexes                        3
   e - Dazzling Spray                 Conjuration/Hexes            3


   Skills:
 + Level 2.1 Fighting
 + Level 4.4 Short Blades
 + Level 1.9 Armour
 + Level 3.4 Dodging
 + Level 11.8 Stealth
 * Level 10.0 Spellcasting
 + Level 12.4 Hexes
 + Level 0.1 Evocations


You had 21 spell levels left.
You knew the following spells:

 Your Spells              Type           Power        Failure   Level  Hunger
a - Ensorcelled Hibernat  Hex/Ice        #####.       1%          2    None
b - Confuse               Hex            ######..     1%          3    None
c - Tukima's Dance        Hex            ######..     1%          3    None


Dungeon Overview and Level Annotations

Branches:
Dungeon (8/15)             Temple (1/1) D:6            Lair (1/6) D:8

Altars:
Ashenzari
Cheibriados
Elyvilon
Fedhas
Gozag
Hepliaklqana
Kikubaaqudgha
Makhleb
Nemelex Xobeh
Okawaru
Qazlal
Ru
Sif Muna
Uskayaw
Vehumet
Xom
Yredelemnul
Zin
The Shining One

Shops:
D:4 *   D:5 *   D:6 =


Innate Abilities, Weirdness & Mutations

You have razor-sharp teeth.
You have supernaturally acute eyesight. (SInv)
You can survive without breathing.


Message History

Casting: Confuse
Confirm with . or Enter, or press ? or * to list all spells.
Aiming: Ensorcelled Hibernation
Press: ? - help, Shift-Dir - straight line, f - wolf
Aim: a wolf (purple smoke, chance to defeat MR: 64%)
The wolf looks drowsy...
The wolf misses you. The wolf closely misses you. x2
The wolf completely misses you.
The helpless wolf fails to defend itself.
You perforate the wolf like a sieve!!!
You kill the wolf!
Sif Muna accepts your kill.
Your Spellcasting skill increases to level 10!
The wolf barely misses you. x2
Casting: Ensorcelled Hibernation
Confirm with . or Enter, or press ? or * to list all spells.
Aiming: Ensorcelled Hibernation
Press: ? - help, Shift-Dir - straight line, f - wolf
Aim: a wolf (purple smoke, chance to defeat MR: 64%)
The wolf looks drowsy...
The wolf bites you!
You die... ########### ##PPPPPPPPP## #PP§§PPPPPPP## #PP@h§PPPP.P.##

#PPPh§.PP.....#
#PPPP.P.P.....####
#P.PPP......#....###
##..P..P...##..%.'..
###.....####....###
#.....###.....#
#.....'.......#
#....[###.....#


You could see 2 wolves.

Vanquished Creatures
  An unseen horror (shapeshifter) (D:7)
  Pikel (D:8)
  Maurice (D:8)
  Joseph (D:8)
  A komodo dragon (D:8)
  Grinder (D:5)
  A hippogriff (D:7)
  Sigmund (D:3)
  A hungry ghost (D:8)
  Eustachio (D:6)
  Edmund (D:6)
  Menkaure (D:7)
  A water moccasin (D:4)
  An ice beast (D:5)
  2 orc warriors (D:7)
  A sky beast (D:6)
  3 ogres
  A phantom (D:6)
  12 wolves
  A crocodile (D:8)
  An elf zombie (D:7)
  4 bullfrogs
  3 scorpions
  A troll zombie (D:7)
  5 killer bees (D:8)
  A wight (D:7)
  7 crimson imps
  2 centaur zombies (D:5)
  5 orc wizards
  2 centaur skeletons
  An orc priest (D:5)
  3 hounds
  3 human zombies (D:7)
  An iguana (D:6)
  6 worker ants
  A killer bee zombie (D:7)
  3 mummies (D:7)
  A howler monkey zombie (D:6)
  10 adders
  A shadow imp (D:8)
  An ooze (D:1)
  2 adder zombies
  2 worms
  2 dart slugs (D:1)
  5 leopard geckos
  20 orcs
  4 ball pythons
  9 giant cockroaches
  6 goblins
  10 hobgoblins
  13 jackals
  7 quokkas
  8 bats
  5 frilled lizards
  8 kobolds
  A leopard gecko skeleton (D:4)
  3 orc zombies (D:7)
  A quokka zombie (D:6)
  6 rats
  A plant (D:8)
209 creatures vanquished.

Vanquished Creatures (collateral kills)
  An orc warrior (D:7)
  A killer bee (D:8)
  A hound (D:7)
  4 orcs
  A jackal (D:7)
8 creatures vanquished.

Vanquished Creatures (others)
  4 slaves (D:8)
  A wolf (D:8)
  A crocodile (D:8)
  A scorpion (D:8)
  An orc (D:3)
  2 plants (D:8)
10 creatures vanquished.

Grand Total: 227 creatures vanquished

Notes
Turn   | Place    | Note
-------+----------+-------------------------------------------
     0 | D:1      | grizmgrazm2 the Vampire Enchanter began the quest for the Orb.
     0 | D:1      | Reached XP level 1. HP: 13/13 MP: 3/3
   363 | D:1      | Reached XP level 2. HP: 15/19 MP: 3/5
   875 | D:1      | Reached XP level 3. HP: 24/24 MP: 1/6
   880 | D:1      | Learned a level 3 spell: Confuse
  1552 | D:2      | Reached skill level 5 in Stealth
  1552 | D:2      | Reached skill level 5 in Hexes
  1638 | D:2      | Learned a level 3 spell: Tukima's Dance
  1651 | D:2      | Reached XP level 4. HP: 30/30 MP: 4/8
  2795 | D:3      | Noticed Sigmund
  2806 | D:3      | Killed Sigmund
  2806 | D:3      | Reached skill level 6 in Hexes
  2806 | D:3      | Reached XP level 5. HP: 29/36 MP: 5/9
  2883 | D:3      | Reached XP level 6. HP: 42/42 MP: 10/10
  2944 | D:3      | Found a shimmering altar of Xom.
  3297 | D:3      | Found a faded altar of an unknown god.
  4610 | D:4      | Reached skill level 7 in Hexes
  5378 | D:4      | Found Upuirigi's Serpentskin Sales.
  5378 | D:4      | Noticed a water moccasin
  5418 | D:5      | Entered Level 5 of the Dungeon
  5799 | D:5      | Noticed an ice beast
  5842 | D:5      | Killed an ice beast
  5842 | D:5      | Reached XP level 7. HP: 15/47 MP: 0/13
  6138 | D:5      | Found a glowing drain.
  6576 | D:4      | Reached skill level 8 in Hexes
  7187 | D:5      | Found Kiedgh's General Store.
  7190 | D:5      | Bought a potion of heal wounds for 70 gold pieces
  7190 | D:5      | Bought a scroll of identify for 28 gold pieces
  7190 | D:5      | Bought a scroll of identify for 28 gold pieces
  7190 | D:5      | Bought a scroll of identify for 28 gold pieces
  7322 | D:5      | Noticed Grinder
  7335 | D:5      | Killed Grinder
  7335 | D:5      | Reached XP level 8. HP: 53/53 MP: 13/15
  7720 | D:5      | Reached skill level 9 in Hexes
  7819 | D:5      | Reached skill level 1 in Fighting
  8041 | D:6      | Noticed Edmund
  8048 | D:6      | Killed Edmund
  8048 | D:6      | Reached skill level 5 in Spellcasting
  8296 | D:6      | Found an opulent altar of Gozag.
  8413 | D:6      | Reached skill level 10 in Stealth
  8470 | D:6      | Found a staircase to the Ecumenical Temple.
  8555 | D:6      | Noticed Eustachio
  8559 | D:6      | Killed Eustachio
  8622 | Temple   | Entered the Ecumenical Temple
  8875 | D:6      | Found a deep blue altar of Sif Muna.
  8886 | D:6      | Became a worshipper of Sif Muna the Loreminder
  9060 | D:6      | Found a shattered altar of Ashenzari.
  9061 | D:6      | Found a blossoming altar of Fedhas.
  9103 | D:6      | Reached skill level 10 in Hexes
  9221 | D:6      | Found Weesoc's Jewellery Emporium.
  9363 | D:6      | Reached XP level 9. HP: 59/59 MP: 11/17
  9376 | D:6      | Found a hide-covered altar of Uskayaw.
  9376 | D:6      | Found a radiant altar of Vehumet.
  9841 | D:7      | Reached * piety under Sif Muna
  9846 | D:7      | Noticed Menkaure
  9852 | D:7      | Killed Menkaure
 10041 | D:7      | Reached skill level 11 in Hexes
 10074 | D:7      | Noticed a troll
 10074 | D:7      | a soldier ant changed into a troll
 10075 | D:7      | Noticed a black mamba
 10075 | D:7      | a troll changed into a black mamba
 10081 | D:7      | Noticed a guardian serpent
 10081 | D:7      | a black mamba changed into a guardian serpent
 10085 | D:7      | Noticed an unseen horror
 10085 | D:7      | a guardian serpent changed into an unseen horror
 10092 | D:7      | Killed an unseen horror
 10346 | D:7      | Reached ** piety under Sif Muna
 10609 | D:7      | Found a basalt altar of Yredelemnul.
 10728 | D:7      | Reached XP level 10. HP: 61/66 MP: 16/22
 11145 | D:8      | Noticed Pikel
 11146 | D:8      | Found a staircase to the Lair.
 11147 | D:8      | Killed Pikel
 11189 | D:8      | Reached skill level 1 in Armour
 11307 | D:8      | Noticed Joseph
 11316 | D:8      | Killed Joseph
 11316 | D:8      | Reached skill level 12 in Hexes
 11317 | D:8      | Noticed Maurice
 11325 | D:8      | Killed Maurice
 11358 | D:8      | Found a white marble altar of Elyvilon.
 11611 | Lair:1   | Entered Level 1 of the Lair of Beasts
 11776 | D:8      | Learned a level 2 spell: Ensorcelled Hibernation
 12290 | D:8      | Reached skill level 10 in Spellcasting
 12291 | D:8      | Slain by a wolf

Skill      XL: |  1  2  3  4  5  6  7  8  9 10 |
---------------+-------------------------------+-----
Stealth        | 5 6 7 8 9 10 11 | 11.8
Hexes          | 5 6 7 8 10 11 12 | 12.4
Spellcasting   | 3 4 5 8 10 | 10.0
Short Blades   | 2 3 4 |  4.4
Dodging        | 3 |  3.4
Fighting       | 1 2 |  2.1
Armour         | 1 |  1.9
Evocations     | |  0.1

Action                   |  1- 3 |  4- 6 |  7- 9 | 10-12 || total
-------------------------+-------+-------+-------+-------++-------
Melee: Dagger            |   106 |   174 |   256 |   117 ||   653
       Bite              |     5 |    24 |    22 |    13 ||    64
 Cast: Corona            |    24 |       |       |       ||    24
       Confuse           |    10 |    53 |    61 |    36 ||   160
       Tukima's Dance    |       |     2 |     5 |       ||     7
       Ensorcelled Hiber |       |       |       |     5 ||     5
 Abil: End Transformatio |       |     1 |       |       ||     1
       Bat Form          |       |     1 |       |       ||     1
Evoke: Wand              |       |       |       |     2 ||     2
  Use: Scroll            |     5 |     9 |     7 |     3 ||    24
       Potion            |     1 |     7 |     5 |     9 ||    22
 Stab: Sleeping          |    12 |    17 |    36 |     5 ||    70
       Confused          |     3 |    17 |    29 |    19 ||    68
       Petrified         |       |       |     2 |     1 ||     3
       Paralysed         |       |       |     1 |       ||     1
       Distracted        |       |       |     1 |       ||     1
       Petrifying        |       |       |     1 |       ||     1
Armor: Robe              |    14 |    14 |    17 |       ||    45
       Leather armour    |       |       |     9 |    25 ||    34
Dodge: Dodged            |    64 |    76 |   122 |   156 ||   418
